 Dungeon Crawl Stone Soup version 0.26-a0-259-g1effd001a9 (webtiles) character file.

Game seed: 17309999508021198127

197 bmfx the Sneak (level 6, -3/41 HPs)
             Began as a Human Enchanter on July 23, 2020.
             Slain by an iguana (11 damage)
             ... on level 4 of the Dungeon.
             The game lasted 00:07:17 (3530 turns).

bmfx the Sneak (Human Enchanter)                    Turns: 3530, Time: 00:07:17

Health: -3/41      AC:  3    Str:  6 (8)  XL:     6   Next: 5%
Magic:  1/9        EV: 12    Int: 17      God:
Gold:   113        SH:  0    Dex: 12 (14) Spells: 3/9 levels left

rFire    . . .     SeeInvis .   a - +1 dagger
rCold    . . .     Faith    .   (no shield)
rNeg     . . .     Spirit   .   b - +1 robe
rPois    .         Reflect  .   (no helmet)
rElec    .         Harm     .   (no cloak)
rCorr    .                      (no gloves)
MR       .....                  (no boots)
Stlth    +++.......             (no amulet)
HPRegen  0.13/turn              (no ring)
MPRegen  0.11/turn              (no ring)

@: very slightly contaminated
A: no striking features
a: no special abilities


You were on level 4 of the Dungeon.
You were not hungry.

You visited 1 branch of the dungeon, and saw 4 of its levels.

You collected 113 gold pieces.

Dungeon Overview and Level Annotations

Branches:
Dungeon (4/15)
 Temple: D:4-7

Altars:

Annotations:
D:2 Sigmund


   Skills:
 + Level 2.9 Short Blades
 - Level 2.0 Dodging
 + Level 4.2 Stealth
 - Level 2.0 Spellcasting
 + Level 4.1 Hexes
 - Level 2.0 Ice Magic


You had 3 spell levels left.
You knew the following spells:

 Your Spells              Type           Power        Failure   Level
A - Corona                Hex            ###....      3%          1
B - Ensorcelled Hibernat  Hex/Ice        ##....       9%          2
C - Tukima's Dance        Hex            ###.....     11%         3

Your spell library contained the following spells:

 Spells                   Type           Power        Failure   Level
 Confusing Touch          Hex            ###.....     11%         3
 Dazzling Flash           Conj/Hex       #.....       26%         3

Action                   |  1- 3 |  4- 6 || total
-------------------------+-------+-------++-------
Melee: Dagger            |    82 |    70 ||   152
       Unarmed           |     9 |       ||     9
Throw: Stone             |     3 |     3 ||     6
 Cast: Corona            |     4 |       ||     4
       Ensorcelled Hiber |    23 |    18 ||    41
  Use: Scroll            |     1 |     1 ||     2
       Potion            |     3 |       ||     3
 Stab: Sleeping          |    10 |    11 ||    21
  Eat: Ration            |     1 |     2 ||     3
Armor: Robe              |    15 |    11 ||    26
       Skin              |    10 |       ||    10
Dodge: Dodged            |    61 |    43 ||   104

Skill      XL: |  1  2  3  4  5 |
---------------+----------------+-----
Short Blades   | 2 |  2.9
Ice Magic      | 1 2 |  2.0
Stealth        | 4 |  4.2
Hexes          | 4 |  4.1
Dodging        | |  2.0
Spellcasting   | |  2.0

Inventory:

Hand Weapons
 a - a +1 dagger (weapon)
Missiles
 h - 8 boomerangs
 i - 6 poisoned darts
 s - 56 stones (quivered)
Armour
 b - a +1 robe (worn)
Scrolls
 e - a scroll of random uselessness {unknown}
 f - a scroll of enchant armour
 g - 2 scrolls of remove curse {@r4}
 j - a scroll of magic mapping {unknown}
 k - a scroll of blinking {unknown}
Potions
 c - a potion of heal wounds {unknown}
 l - 2 potions of lignification
 m - a potion of ambrosia {unknown}
Comestibles
 d - 5 rations

#..# #.# ##...##
#<# #..# #.#
##.....## #.# ####
#####.......## #.#
#.........#### #.#
+............. #.#
#.........#### #.#
##...)...## #.#
##......# #.# #
##.@.#.#
....#####l##.# ####
####.......# .#
#..# #.#######..#
.# #..###.#####
#..##
#..........###...##
#.####.###........#
#.# #>#
#####...#####.#
#.####.#
#.†.......#


You could see an iguana.

Vanquished Creatures
  A sky beast (D:3)
  A hound (D:4)
  A worker ant (D:4)
  2 worms
  3 leopard geckos
  3 orcs
  10 giant cockroaches
  4 goblins
  2 hobgoblins (D:3)
  A quokka (D:3)
  A bat (D:3)
  2 frilled lizards
  8 kobolds
  10 rats
49 creatures vanquished.

Levels and vault maps discovered:
D:1:      ebering_trefoil_twist, layout_loops_corners
D:2:      layout_basic, first_ration, uniq_sigmund
D:3:      layout_rooms, portal_sewer_entry_b
D:4:      layout_loops_corners, chequers_temple_overflow_statue_of_worship,
          temple_hall, uniq_ijyb


Message History

Aiming: Ensorcelled Hibernation (safe; 9% risk of failure)
Press: ? - help, Shift-Dir - straight line, f/p - iguana
Aim: an iguana (chance to defeat MR: 51%)
You miscast Ensorcelled Hibernation.
You are very lightly contaminated with residual magic.
Nothing appears to happen.
The iguana bites you!
Casting: Ensorcelled Hibernation (safe; 9% risk of failure)
Confirm with . or Enter, or press ? or * to list all spells.
Aiming: Ensorcelled Hibernation (safe; 9% risk of failure)
Press: ? - help, Shift-Dir - straight line, f/p - iguana
Aim: an iguana (chance to defeat MR: 51%)
The iguana resists with some effort.
The iguana bites you.
* * * LOW HITPOINT WARNING * * *
Casting: Ensorcelled Hibernation (safe; 9% risk of failure)
Confirm with . or Enter, or press ? or * to list all spells.
Aiming: Ensorcelled Hibernation (safe; 9% risk of failure)
Press: ? - help, Shift-Dir - straight line, f/p - iguana
Aim: an iguana (chance to defeat MR: 51%)
The iguana resists with some effort.
The iguana bites you!
You die...

Notes
Turn   | Place    | Note
-------+----------+-------------------------------------------
     0 | D:1      | bmfx the Human Enchanter began the quest for the Orb.
     0 | D:1      | Reached XP level 1. HP: 13/13 MP: 3/3
   553 | D:1      | Reached XP level 2. HP: 17/19 MP: 1/5
   557 | D:1      | Learned a level 2 spell: Ensorcelled Hibernation
  1247 | D:2      | Reached XP level 3. HP: 24/24 MP: 3/6
  1334 | D:2      | Noticed Sigmund
  2033 | D:3      | Learned a level 3 spell: Tukima's Dance
  2064 | D:3      | Noticed a sky beast
  2136 | D:3      | Killed a sky beast
  2136 | D:3      | Reached skill level 1 in Ice Magic
  2136 | D:3      | Reached XP level 4. HP: 9/30 MP: 5/7
  2136 | D:3      | Reached XP level 5. HP: 11/35 MP: 5/8
  3483 | D:4      | Reached XP level 6. HP: 35/41 MP: 4/9
  3530 | D:4      | Slain by an iguana
